Map: Washout LE

Players

SLicKcHeeZEE

  • Race: Zerg Zerg
  • League: Bronze

A.I. 1 (Very Hard) - Winner!

  • Race: Terran Terran

VOD

Have the link to the VOD?

Description

Time

  • Played on: Sept. 30, 2026, 10:22 a.m.
  • Length: 18:17
Show
View Real Time Build Order
Export as new Build Order

SLicKcHeeZEE Zerg 

Build Orders: Hatch First, Roach Hydra 

Get SALT Encoding   

  6  0:00  Drone  
  9  0:11  Drone  
  10  0:16  Drone  
  11  0:27  Overlord  
  11  0:33  Drone  
  12  0:45  Drone x2  
  14  0:51  Drone  
  15  1:13  Hatchery  
  15  1:17  Drone  
  15  1:20  Drone  
  15  1:24  Drone  
  17  1:39  Spawning Pool  
  16  1:42  Drone  
  16  1:47  Extractor  
  16  1:48  Drone  
  16  1:51  Drone  
  18  2:00  Drone  
  19  2:11  Overlord  
  19  2:25  Queen  
  19  2:28  Queen  
  23  2:31  Zergling x2  
  23  2:34  Drone  
  23  2:36  Drone  
  26  2:39  Drone  
  27  2:45  Extractor  
  27  2:47  Overlord  
  26  2:59  Roach Warren  
  25  3:06  Lair  
  25  3:14  Drone x2  
  25  3:17  Drone  
  28  3:39  Roach x3  
  28  3:40  Roach  
  36  3:42  Overlord  
  36  3:50  Queen  
  37  4:04  Hydralisk Den  
  37  4:08  Overlord  
  36  4:11  Drone x3  
  36  4:15  Drone  
  40  4:18  Drone  
  41  4:33  Hydralisk x2  
  41  4:36  Hydralisk  
  47  4:41  Hydralisk  
  47  4:46  Overlord  
  49  4:55  Extractor  
  48  5:01  Drone x2  
  48  5:02  Drone  
  48  5:05  Glial Reconstitution  
  48  5:07  Grooved Spines  
  51  5:11  Evolution Chamber  
  50  5:19  Drone x3  
  50  5:20  Drone  
  54  5:38  Overlord  
  54  5:41  Hatchery  
  54  5:42  Zerg Missile Weapons Level 1  
  53  5:49  Drone x3  
  56  5:53  Overlord  
  57  5:57  Drone  
  57  6:01  Muscular Augments  
  57  6:05  Drone x2  
  57  6:07  Drone  
  60  6:17  Overlord  
  60  6:18  Overlord  
  60  6:27  Drone x3  
  63  6:36  Roach x2  
  63  6:37  Hydralisk x3  
  73  6:41  Hydralisk  
  73  6:46  Overlord  
  75  6:53  Queen  
  77  7:08  Zergling x2  
  78  7:11  Overlord x2  
  78  7:24  Roach x3, Hydralisk x3  
  78  7:25  Hydralisk, Roach  
  78  7:26  Roach  
  96  8:03  Roach x5  
  96  8:04  Hydralisk x4, Roach  
  116  8:06  Overlord x2  
  116  8:07  Overlord  
  115  8:17  Baneling Nest  
  114  8:22  Zergling x4  
  114  8:25  Zergling x12  
  122  8:39  Overlord x2  
  122  8:42  Zerg Ground Armor Level 1  
  122  9:13  Roach x2  
  122  9:14  Roach x2, Hydralisk x6  
  122  9:16  Hydralisk x5  
  150  9:23  Overlord  
  150  9:24  Overlord  
  152  9:28  Baneling  
  152  9:29  Baneling x3  
  152  9:31  Baneling  
  151  9:35  Baneling  
  151  9:37  Baneling  
  151  9:39  Baneling  
  151  10:13  Drone  
  151  10:14  Drone x2, Extractor  
  153  10:38  Baneling x7  
  153  10:49  Zerg Missile Weapons Level 2  
  153  11:15  Roach x3  
  153  11:16  Roach x6  
  171  11:21  Overlord x3  
  171  11:57  Zergling x10  
  171  11:58  Zergling x10  
  171  11:59  Zergling x10  
  171  12:00  Zergling x2  
  187  12:07  Ravager  
  188  12:08  Ravager  
  188  12:09  Ravager  
  190  12:27  Baneling x3  
  190  12:28  Baneling x6  
  190  12:29  Baneling x4  
  190  12:30  Baneling x3  
  189  12:43  Overseer  
  189  12:45  Queen  
  191  13:01  Overseer x4  
  114  13:53  Hydralisk x5  
  114  13:54  Hydralisk x7  
  114  13:55  Hydralisk x3  
  134  14:23  Roach x6  
  93  14:55  Extractor  
  92  15:00  Extractor  
  91  15:11  Zergling x10  
  91  15:12  Zergling x4  
  91  15:13  Zergling x4  
  100  16:06  Baneling x2  
  100  16:07  Baneling x16  
  100  16:10  Hydralisk x5  
  100  16:11  Hydralisk x7  
  124  16:35  Hydralisk x9  
Show
View Real Time Build Order
Export as new Build Order

A.I. 1 (Very Hard) Terran - Winner!

Build Orders:  

Get SALT Encoding   

  6  0:00  SCV  
  9  0:13  SCV  
  10  0:25  SCV  
  11  0:37  SCV  
  12  0:46  Supply Depot  
  12  0:49  SCV  
  13  1:07  SCV  
  13  1:10  Barracks  
  14  1:15  Refinery  
  14  1:20  SCV  
  15  1:32  SCV  
  16  1:38  Barracks  
  16  1:44  SCV  
  17  1:56  SCV  
  17  1:57  Marine  
  19  2:08  SCV  
  20  2:22  Orbital Command, Barracks  
  20  2:23  Marine  
  21  2:34  Supply Depot  
  21  2:45  Barracks Tech Lab  
  21  2:49  Barracks Tech Lab  
  21  2:55  SCV  
  22  3:02  Marine  
  23  3:06  Marine  
  23  3:07  SCV  
  23  3:08  Stimpack  
  23  3:09  Marine  
  23  3:10  Concussive Shells  
  26  3:18  Supply Depot  
  26  3:20  Marine  
  26  3:24  Marine  
  26  3:26  Marine  
  29  3:39  Marine  
  29  3:40  Factory, SCV  
  31  3:41  Refinery  
  31  3:52  SCV  
  32  4:04  SCV  
  33  4:13  Supply Depot  
  33  4:17  SCV  
  34  4:27  Starport  
  34  4:29  SCV  
  35  4:33  Supply Depot  
  35  4:34  Marine  
  35  4:36  Marine  
  37  4:41  SCV  
  37  4:50  Marine  
  39  4:53  Marauder  
  39  4:54  Marine  
  39  4:56  Command Center  
  42  5:05  Medivac  
  44  5:12  Marauder  
  44  5:13  Ghost Academy  
  46  5:22  Supply Depot  
  46  5:26  Marauder  
  48  5:33  Barracks Reactor  
  48  5:34  Marauder  
  50  5:47  Marauder  
  52  5:50  Supply Depot  
  52  5:54  Ghost  
  54  6:08  SCV x2  
  54  6:09  Marauder, Marine  
  54  6:10  Refinery  
  59  6:20  SCV  
  59  6:21  SCV  
  59  6:23  Ghost  
  63  6:27  Medivac  
  63  6:30  Marauder  
  63  6:32  SCV  
  68  6:33  SCV  
  69  6:43  Marine  
  69  6:44  SCV  
  69  6:45  SCV  
  72  6:47  Supply Depot  
  72  6:51  Ghost, Marauder  
  76  6:56  SCV  
  76  6:58  SCV  
  78  7:08  Marine, SCV  
  79  7:12  Ghost  
  79  7:13  Supply Depot  
  79  7:14  SCV  
  83  7:18  Combat Shield  
  83  7:20  SCV  
  83  7:21  Marauder  
  86  7:26  SCV  
  87  7:32  SCV  
  87  7:34  Engineering Bay  
  88  7:39  SCV  
  88  7:41  Supply Depot, Marauder  
  91  7:45  SCV  
  91  7:51  SCV  
  93  7:53  Engineering Bay  
  93  7:57  SCV  
  94  8:00  Terran Infantry Armor Level 1  
  94  8:02  Missile Turret  
  94  8:03  SCV  
  95  8:07  Supply Depot  
  95  8:09  SCV  
  95  8:12  Missile Turret  
  96  8:15  SCV  
  96  8:18  Barracks, Starport Reactor  
  96  8:19  Terran Infantry Weapons Level 1  
  97  8:23  Marine  
  97  8:25  Marine  
  99  8:27  Marine, Orbital Command  
  99  8:28  Marine  
  99  8:33  Supply Depot  
  101  8:52  Refinery  
  101  8:55  Medivac x2  
  105  8:57  Supply Depot  
  105  9:03  Missile Turret  
  105  9:12  Personal Cloaking  
  105  9:24  Missile Turret  
  105  9:25  Viking  
  105  9:26  Viking  
  105  9:28  Command Center  
  109  9:45  Supply Depot  
  109  9:46  Missile Turret  
  109  9:54  Viking  
  109  9:55  Factory  
  111  10:05  Starport, Factory Tech Lab  
  111  10:07  Marine  
  111  10:09  Marine  
  111  10:10  Marine  
  111  10:12  Marine  
  111  10:13  Hi-Sec Auto Tracking  
  115  10:31  Armory  
  115  10:38  Factory Tech Lab  
  115  10:41  SCV x2  
  115  10:42  SCV  
  118  10:43  Nuke  
  118  10:47  Refinery, Starport Tech Lab  
  118  10:49  Missile Turret  
  118  10:53  SCV  
  118  10:54  SCV x2  
  118  10:56  Missile Turret  
  121  10:57  Refinery  
  121  10:58  Command Center  
  121  11:02  Armory  
  121  11:03  Neosteel Armor  
  121  11:05  SCV  
  121  11:07  SCV x2, Banshee  
  121  11:08  Cloaking Field  
  121  11:09  Barracks  
  127  11:17  Missile Turret, Barracks Tech Lab, SCV  
  128  11:19  SCV, Orbital Command  
  128  11:20  Terran Infantry Weapons Level 2  
  128  11:23  Supply Depot  
  128  11:25  Ghost  
  129  11:29  SCV  
  129  11:31  SCV  
  129  11:32  Marauder  
  134  11:35  Ghost  
  136  11:41  Viking  
  136  11:42  SCV  
  136  11:44  SCV  
  136  11:45  SCV  
  141  11:47  Supply Depot  
  141  11:50  Banshee  
  141  11:53  Marauder  
  141  11:54  SCV  
  147  11:55  Marauder  
  147  11:56  SCV  
  147  11:57  SCV  
  151  12:04  Marauder  
  151  12:06  SCV  
  154  12:09  Siege Tank  
  154  12:10  Supply Depot  
  154  12:11  SCV x2  
  154  12:14  Siege Tank, Marauder  
  164  12:16  Marauder  
  166  12:26  Marauder  
  168  12:33  Raven  
  168  12:35  Supply Depot  
  168  12:36  Marauder  
  172  12:37  Marauder  
  172  12:41  Hellion  
  176  12:47  Hellion, Marauder  
  180  12:51  Planetary Fortress  
  180  12:52  Refinery  
  180  12:55  Missile Turret  
  180  12:57  Viking, Missile Turret  
  182  12:58  Supply Depot  
  182  12:59  Viking  
  182  13:03  Siege Tank  
  187  13:07  Raven  
  187  13:08  Hellion  
  187  13:09  Refinery  
  191  13:13  Terran Vehicle Weapons Level 1  
  191  13:19  Terran Vehicle And Ship Armor Level 1  
  191  13:20  Missile Turret  
  191  13:23  Missile Turret, Marine  
  191  13:24  Marine x3  
  191  13:25  Marine x2  
  181  13:27  Viking  
  181  13:29  Siege Tank  
  141  13:35  Siege Tank  
  117  13:41  Marine  
  117  13:42  Marauder x2, Marine  
  117  13:43  Marine x2  
  117  13:46  Medivac  
  123  13:52  Medivac  
  123  13:54  SCV  
  121  13:57  Medivac  
  121  13:59  Marine  
  121  14:00  Marine x2  
  121  14:01  Marine, Siege Tank  
  126  14:03  Marauder  
  126  14:04  Marauder  
  126  14:07  Hellion  
  129  14:16  Medivac  
  129  14:17  Marine x2  
  129  14:18  Marine  
  129  14:19  Marine  
  129  14:22  Viking  
  119  14:24  Marine x2  
  119  14:25  Command Center  
  119  14:27  Viking  
  119  14:28  Siege Tank  
  112  14:33  Siege Tank  
  112  14:35  Marine x2  
  112  14:36  Marine  
  112  14:37  Marine  
  111  14:42  Marine, Marauder  
  114  14:46  Viking  
  114  14:52  Medivac  
  118  14:53  Marine  
  118  14:54  Marauder, Marine  
  118  14:55  Marine, Terran Infantry Weapons Level 3  
  118  14:57  Viking  
  125  15:00  Siege Tank  
  125  15:01  Marauder  
  125  15:03  Marine  
  131  15:10  Marine  
  131  15:12  Marine  
  131  15:14  Marine  
  134  15:15  Marauder  
  134  15:16  Viking  
  134  15:21  Ghost, Marine, Liberator  
  138  15:25  Missile Turret  
  138  15:27  Viking  
  146  15:28  Marine  
  146  15:29  Marine  
  146  15:31  Marine, Terran Ship Weapons Level 1  
  149  15:36  Marauder  
  149  15:39  Ghost  
  149  15:42  Hellion x2  
  157  15:46  Viking, Marine  
  157  15:48  Refinery  
  154  15:50  Marauder  
  154  15:51  Marine  
  154  15:52  Refinery  
  154  15:53  Command Center, Planetary Fortress  
  157  15:58  Marauder, Terran Vehicle Weapons Level 2  
  157  16:00  Missile Turret  
  157  16:03  Missile Turret, Siege Tank, Hellion  
  164  16:07  Marine  
  164  16:08  Marine, Marauder  
  168  16:14  Marauder, Marine  
  168  16:16  Raven  
  168  16:18  Viking  
  175  16:19  Marauder  
  175  16:24  Hellion  
  175  16:25  Marine  
  180  16:26  Liberator, Marine  
  180  16:30  Marauder  
  180  16:32  Marine  
  187  16:35  Marauder  
  189  16:40  Marine  
  189  16:43  Marine, Missile Turret  
  189  16:45  Marine  
  192  16:48  Medivac  
  192  16:50  Marine  
  192  16:51  Raven, Marauder  
  199  17:01  Ghost  
  199  17:04  Siege Tank  
  199  17:05  Marauder  
  199  17:07  Marine x2  
  199  17:08  Marine  
  189  17:09  Liberator  
  189  17:12  Marauder  
  189  17:14  Planetary Fortress, Refinery  
  185  17:18  Viking, Missile Turret  
  187  17:23  Missile Turret  
  187  17:24  Command Center, Marine, Viking  
  187  17:25  Marine  
  187  17:26  Marine x2, Missile Turret  
  187  17:27  Refinery  
  186  17:30  Marine  
  186  17:34  Marauder  
  184  17:42  Marine  
  184  17:43  Marine x2  
  187  17:44  Marine  
  187  17:49  Marauder  
Tags
 
Composition
Roach Hydra
League
Bronze
Matchup
TvZ
Add a new tag
Caveats
  • Supply blocks, unpowered buildings, or Contaminate may cause inaccurate times.
  • Supply counts are checked every 10 seconds.